cohdb
Replays
Latest Replays
All Replays
Popular Replays
Top Player Replays
Match Explorer
How It Works
Community
CoH3 Stats
Reddit
Sign in to upload your games and track your stats! →
Sign in with Steam
Match 39419397
Unlisted
Match 39419397
Overview
Messages
Build Orders
End
Construct Infanterie Kompanie
Selects Terror Battlegroup
Grenadier Squad
Selects Machine Gun Camouflage
MG 42 Machine Gun Team
Grenadier Squad
Grenadier Squad
Infanterie Officer Quarters
Grenadier Squad
Selects Contempt for the Weak
GrW 34 Mortar Team
Construct Panzergrenadier Kompanie
Pak 40 Anti-tank Gun Team
251 Medium Carrier
Pioneer Squad
Construct Panzer Kompanie
Selects Defend the Fatherland
Defend the Fatherland
Panzer IV Medium Tank
Support Elements
Nebelwerfer 42 Rocket Launcher Team
Stoßtruppen Squad
Selects King Tiger Heavy Tank
King Tiger Heavy Tank
Panzer Officer Quarters
Selects Propaganda Leaflet Drop
Panzer IV Medium Tank
Selects V1 Rocket Strike
V1 Rocket Strike
Propaganda Leaflet Drop
Pak 40 Anti-tank Gun Team
KT Perry
Altrersyr
SteelRain
RazorUK
Lord Blackwood
DanielD
SomeoneSomewhereDoingSomething
kurt.derycke
0
0
Comments
sign in to comment!
No comments posted yet!